 Dungeon Crawl Stone Soup version 0.20.1-1-g8b1a95d (webtiles) character file.

259 Timinator the Insei (level 5, -15/41 HPs)
             Began as a Vampire Monk on Aug 30, 2017.
             Was a Believer of Qazlal.
             Killed from afar by Dowan (29 damage)
             ... with a shard of ice
             ... on level 4 of the Dungeon.
             The game lasted 00:36:19 (1463 turns).

Timinator the Insei (Vampire Monk)                  Turns: 1463, Time: 00:36:20

Health: -15/41     AC:  6    Str: 15    XL:     5   Next: 94%
Magic:  6/7        EV: 13    Int: 12    God:    Qazlal [**....]
Gold:   165        SH:  2    Dex: 18    Spells: 6/6 levels left

rFire    . . .     SeeInvis +     - Unarmed
rCold    . . .     Gourm    .   (no shield)
rNeg     . . .     Faith    .   n - +0 ring mail
rPois    .         Spirit   .   (no helmet)
rElec    .         Reflect  .   e - +0 cloak
rCorr    .         Harm     .   (no gloves)
MR       .....                  (no boots)
Stlth    +.........             (no amulet)
Regen    0.4/turn               (no ring)
MPRegen  0.1/turn               (no ring)

@: mighty, flying, regenerating quickly, glowing
A: fangs 3, see invisible, unbreathing
a: Upheaval, Renounce Religion


You were on level 4 of the Dungeon.
You worshipped Qazlal.
Qazlal was pleased with you.
You were very full.

You visited 1 branch of the dungeon, and saw 4 of its levels.

You collected 165 gold pieces.

Inventory:

Missiles
 l - a throwing net
 m - 8 tomahawks of returning (quivered)
Armour
 a - a +0 robe
 e - a +0 cloak (worn)
 n - a +0 ring mail (worn)
 o - a +0 robe
 p - a +0 leather armour
 q - a +0 chain mail
Scrolls
 c - a scroll of blinking {unknown}
 g - 2 scrolls of remove curse {unknown}
 j - 4 scrolls of identify {unknown}
 r - a scroll of amnesia {unknown}
Potions
 b - 9 potions of blood
 d - a potion of ambrosia {unknown}
 f - a potion of invisibility {unknown}
 h - a potion of curing
 i - 2 potions of flight


   Skills:
 + Level 3.1 Fighting
 * Level 0.8 Armour
 * Level 4.4 Dodging
 - Level 3.4 Stealth
 + Level 5.4 Unarmed Combat
 * Level 1.3 Spellcasting
 * Level 1.1 Invocations


You had 6 spell levels left.
You didn't know any spells.

Dungeon Overview and Level Annotations

Branches:
Dungeon (4/15)
 Temple: D:4-7

Altars:
Nemelex Xobeh
Qazlal

Annotations:
D:4 Dowan


Innate Abilities, Weirdness & Mutations

Your natural rate of healing is unusually fast.
You have razor-sharp teeth.
You have supernaturally acute eyesight. (SInv)
You can survive without breathing.


Message History

Duvessa is severely wounded.
Duvessa closely misses you.
You barely miss Duvessa. You bite Duvessa.
Duvessa is severely wounded.
Duvessa closely misses you.
You punch Duvessa! You bite Duvessa.
You kill Duvessa!
Qazlal accepts your kill.
Dowan seems overcome with grief, but rights himself reflexively soon after.
Dowan seems to find hidden reserves of power!
Your Invocations skill increases to level 1!
You barely miss Dowan.
Dowan is moderately wounded.
Dowan hits you but does no damage.
You barely miss Dowan.
Dowan is moderately wounded.
Dowan casts a spell at you. The shard of ice hits you!
Ouch! That really hurt!
You die...

############
#.........(#
#.########.#
#.#....).#.#
#.#...<..#.#
#.##.....#@#
#........#e#
####....##..$.....
#....##......e.
#######........
#........
#........
#!.......
.).......


You could see Dowan.

Vanquished Creatures
  Duvessa (D:4)
  A scorpion (D:3)
  An orc wizard (D:3)
  2 adders
  2 oozes
  2 worms
  5 orcs (D:3)
  3 giant cockroaches
  4 goblins
  A hobgoblin (D:3)
  6 kobolds
  A quokka (D:2)
  4 bats
  2 frilled lizards
  7 rats
42 creatures vanquished.

Notes
Turn   | Place    | Note
-------+----------+-------------------------------------------
     0 | D:1      | Timinator the Vampire Monk began the quest for the Orb.
     0 | D:1      | Reached XP level 1. HP: 17/17 MP: 1/1
   103 | D:1      | Found a sparkling altar of Nemelex Xobeh.
   277 | D:1      | Reached XP level 2. HP: 23/23 MP: 2/2
   712 | D:2      | Reached XP level 3. HP: 26/28 MP: 3/3
   838 | D:2      | Reached skill level 4 in Unarmed Combat
   882 | D:2      | You fall through a shaft!
   968 | D:3      | Found a stormy altar of Qazlal.
   969 | D:3      | Noticed a fire elemental
   971 | D:3      | Noticed a water elemental
   971 | D:3      | Noticed an air elemental
   971 | D:3      | Noticed an earth elemental
   976 | D:3      | Became a worshipper of Qazlal Stormbringer
   976 | D:3      | Reached * piety under Qazlal
   976 | D:3      | Reached ** piety under Qazlal
  1001 | D:3      | Reached XP level 4. HP: 13/35 MP: 4/4
  1332 | D:3      | Reached skill level 5 in Unarmed Combat
  1332 | D:3      | Reached skill level 1 in Spellcasting
  1332 | D:3      | Reached XP level 5. HP: 31/41 MP: 4/6
  1432 | D:4      | Noticed Dowan
  1433 | D:4      | Noticed Duvessa
  1461 | D:4      | Killed Duvessa
  1461 | D:4      | Reached skill level 1 in Invocations
  1463 | D:4      | Killed from afar by Dowan

Skill      XL: |  1  2  3  4  5 |
---------------+----------------+-----
Unarmed Combat | 4 5 |  5.4
Fighting       | 3 |  3.1
Dodging        | 4 |  4.4
Spellcasting   | 1 |  1.3
Invocations    | 1 |  1.1
Armour         | |  0.8
Stealth        | |  3.4

Action                   |  1- 3 |  4- 6 || total
-------------------------+-------+-------++-------
Melee: Unarmed           |    89 |    70 ||   159
       Bite              |    14 |    14 ||    28
       Punch             |     1 |     1 ||     2
Throw: Tomahawk          |     1 |       ||     1
  Use: Scroll            |     1 |       ||     1
       Potion            |       |     3 ||     3
 Stab: Sleeping          |     3 |       ||     3
  Eat: Corpse            |     5 |     5 ||    10
Armor: Robe              |    12 |     1 ||    13
       Ring mail         |       |     9 ||     9
Dodge: Dodged            |    58 |    31 ||    89
Block: Other             |       |     6 ||     6
